AoeStats
← Отец

Black Forest

507897786Analyzed
4v4 RM · 13d ago on Sep 20, 2026· 35m 30s· 8 players
Game mode
Random Map
Map size
Large (8 player)
Population
200
Speed
Normal
Resources
Standard
Victory
Conquest
Starting age
Dark Age
Ending age
Imperial Age
RankedLock teamsTeams togetherTeam positionsShared explorationLock speedFull tech treeHidden civsTurbo modeCheats
Victory
Defeat
🇨🇳 Poles · China
1311
+14
1209
+18
🇦🇺 Saracens · Australia
1202
+19
🇦🇷 Italians · Argentina
1151
+20
🇲🇽 Burgundians · Mexico
1345
-21
🇧🇷 Japanese · Brazil
1263
-18
🇺🇸 Khmer · United States
1249
-17
🇺🇸 Bohemians · United States
1191
-15
harris
11:30 Feudal Age
14:39 Castle Age
12:45 Double-Bit Axe
13:37 Horse Collar
15:46 Bow Saw
18:01 Heavy Plow
19:42 Wheelbarrow
20:02 Gold Mining
22:57 Bloodlines
22:48 Husbandry
22:14 Light Cavalry
23:53 Scale Barding Armor
23:59 Forging
25:25 Hand Cart
26:28 Chain Barding Armor
32:12 Imperial Age
31:40 Gold Shaft Mining
30:55 Stone Mining
33:41 Stone Shaft Mining
33:29 Heavy Scorpion
34:48 Hussar
Отец
1:25 Loom
14:25 Feudal Age
21:21 Castle Age
22:19 Horse Collar
22:27 Double-Bit Axe
29:27 Wheelbarrow
32:07 Imperial Age
29:51 Bow Saw
30:46 Heavy Plow
34:22 Conscription
35:39 Chemistry
1234567
1:16 Loom
12:38 Feudal Age
18:11 Castle Age
16:41 Double-Bit Axe
16:59 Horse Collar
19:19 Bow Saw
26:35 Wheelbarrow
28:34 Town Watch
31:56 Imperial Age
30:32 Scale Mail Armor
30:43 Forging
31:20 Ballistics
30:52 Guard Tower
31:58 Chain Mail Armor
31:57 Gold Mining
33:17 Iron Casting
32:32 Fletching
32:58 Elite Skirmisher
33:44 Thumb Ring
34:42 Bodkin Arrow
34:47 Padded Archer Armor
36:22 Keep
36:47 Chemistry
KINGUARDIANS
1:31 Loom
11:29 Feudal Age
10:27 Double-Bit Axe
11:14 Horse Collar
15:48 Castle Age
14:22 Bow Saw
14:37 Gold Mining
15:06 Heavy Plow
20:40 Wheelbarrow
19:50 Town Watch
23:24 Two-Man Saw
24:20 Hand Cart
25:38 Crop Rotation
25:03 Stone Mining
26:58 Gold Shaft Mining
27:04 Stone Shaft Mining
30:43 Imperial Age
28:46 Town Patrol
29:08 Murder Holes
29:34 Ballistics
29:42 Scale Barding Armor
29:48 Forging
30:46 Burgundian Vineyards
31:06 Masonry
31:41 Chain Barding Armor
31:57 Iron Casting
31:47 Conscription
31:36 Cavalier
33:07 Plate Barding Armor
32:38 Husbandry
32:01 Light Cavalry
34:16 Chemistry
33:47 Architecture
32:52 Hussar
34:29 Hoardings
35:21 Blast Furnace
35:14 Treadmill Crane
35:44 Fortified Wall
精銳萌古騎豬突猛進
0:26 Loom
12:18 Feudal Age
16:36 Castle Age
17:16 Double-Bit Axe
18:03 Horse Collar
18:37 Bow Saw
19:40 Fletching
26:02 Town Watch
28:46 Wheelbarrow
31:36 Imperial Age
29:56 Wheelbarrow
32:10 Chemistry
31:28 Heavy Plow
32:38 Conscription
32:37 Siege Engineers
(PNG) Adrogue_PR
2:46 Loom
12:37 Feudal Age
16:22 Castle Age
15:26 Double-Bit Axe
18:30 Stone Mining
21:09 Wheelbarrow
20:21 Town Watch
23:54 Bow Saw
24:06 Horse Collar
24:31 Gold Mining
25:43 Heavy Plow
29:52 Imperial Age
28:04 Hand Cart
27:57 Fletching
30:06 Bodkin Arrow
31:06 Bracer
32:09 Chemistry
31:29 Ballistics
31:49 Padded Archer Armor
32:45 Elite Genoese Crossbowman
32:54 Pikeman
34:37 Conscription
卫星点灯
11:52 Feudal Age
15:39 Castle Age
13:44 Double-Bit Axe
13:45 Horse Collar
16:10 Wheelbarrow
16:58 Bow Saw
18:36 Heavy Plow
19:35 Stone Mining
28:22 Imperial Age
26:17 Hand Cart
25:48 Loom
26:22 Scale Barding Armor
26:27 Forging
27:33 Chain Barding Armor
28:14 Szlachta Privileges
28:46 Iron Casting
29:00 Caravan
30:26 Crop Rotation
29:36 Cavalier
30:17 Husbandry
30:30 Bloodlines
30:16 Light Cavalry
31:21 Lechitic Legacy
31:46 Winged Hussar
34:08 Blast Furnace
35:26 Gold Mining
36:12 Stone Shaft Mining
Jimi
4:21 Loom
9:30 Feudal Age
10:12 Double-Bit Axe
13:45 Fletching
13:44 Horse Collar
20:07 Castle Age
20:12 Crossbowman
20:51 Bodkin Arrow
22:25 Gold Mining
24:44 Wheelbarrow
30:33 Imperial Age
29:31 Thumb Ring
30:50 Ballistics
30:44 Bow Saw
30:56 Padded Archer Armor
32:35 Chemistry
31:54 Bracer
34:00 Arbalester
Connection lost

Rejoining the realm…

Still unreachable

The connection could not be restored.

Session expired

The server has moved on; the page needs a fresh start.